[ AOE2 MATCH · #505983728 ]
UnrankedJapanese vs Japanese
Player's team · LOSS
Rival team · WIN
[ REPLAY ANALYSIS · EXTRACTED FROM THE RECORDED GAME ]
Feudal
19:01
Castle
—
Imperial
—
| APM avg | 36.7 |
| APM peak | 85 |
| eAPM avg | 18.5 |
| Villagers / military | 54 / 33 |
Focus
⚔️ 24.9% · 🌾 75.1%
Skirmisher ×18 · Militia ×11 · Archer ×2 · Spearman ×2
Feudal
9:18
Castle
27:17
Imperial
—
| APM avg | 68.0 |
| APM peak | 101 |
| eAPM avg | 30.1 |
| Villagers / military | 68 / 49 |
Focus
⚔️ 65.2% · 🌾 34.8%
Archer ×35 · Militia ×7 · Knight ×4 · Battering Ram ×3
Match map
Initial resources + every placement click. Lines = walls · curves = elevation contours. ◆ gold · ⬟ stone · ● berries · ✦ relic · ◌ wall gap
Your base· Open — unwalled flank
小林's base· Open — unwalled flank
Smoothed initial terrain · ◌ = detected wall gap · hover for details
Inputs per minute
— mambaplayerS3 - - 小林
Build order — mambaplayerS3
First 150 of 166 actions detected
| 0:00 | Queue | Villager (Male) |
| 0:01 | Queue | Villager (Male) |
| 0:02 | Build | House |
| 0:03 | Build | House |
| 0:24 | Queue | Villager (Male) |
| 1:04 | Queue | Villager (Male) |
| 1:22 | Queue | Villager (Male) |
| 1:56 | Queue | Villager (Male) |
| 2:24 | Queue | Villager (Male) |
| 2:40 | Build | Lumber Camp |
| 2:49 | Queue | Villager (Male) |
| 2:59 | Queue | Villager (Male) |
| 3:04 | Build | House |
| 3:28 | Queue | Villager (Male) |
| 3:56 | Queue | Villager (Male) |
| 4:07 | Queue | Villager (Male) |
| 4:26 | Research | Loom |
| 5:01 | Queue | Villager (Male) |
| 5:23 | Queue | Villager (Male) |
| 5:35 | Queue | Villager (Male) |
| 6:06 | Build | Mining Camp |
| 6:14 | Build | Barracks |
| 6:18 | Queue | Villager (Male) |
| 6:37 | Queue | Villager (Male) |
| 7:00 | Queue | Villager (Male) |
| 7:02 | Build | House |
| 7:09 | Queue | Militia |
| 7:15 | Build | House |
| 7:34 | Build | House |
| 7:36 | Queue | Militia |
| 7:37 | Queue | Villager (Male) |
| 7:55 | Queue | Militia |
| 7:56 | Queue | Villager (Male) |
| 8:26 | Queue | Militia |
| 8:26 | Queue | Villager (Male) |
| 8:47 | Queue | Villager (Male) |
| 8:51 | Build | Mill |
| 9:17 | Queue | Villager (Male) |
| 9:29 | Build | Farm |
| 9:45 | Build | Farm |
| 9:45 | Queue | Villager (Male) |
| 9:59 | Queue | Villager (Male) |
| 10:12 | Queue | Villager (Male) |
| 10:35 | Build | Farm |
| 10:43 | Build | House |
| 10:45 | Build | Palisade Wall |
| 10:51 | Queue | Villager (Male) |
| 11:03 | Build | Farm |
| 11:10 | Build | House |
| 11:19 | Build | House |
| 11:23 | Queue | Villager (Male) |
| 11:51 | Queue | Militia |
| 11:51 | Queue | Militia |
| 11:59 | Build | Farm |
| 12:06 | Build | Farm |
| 12:17 | Build | Farm |
| 12:23 | Queue | Villager (Male) |
| 12:27 | Build | Palisade Gate |
| 12:35 | Build | House |
| 12:36 | Build | House |
| 12:38 | Build | Palisade Wall |
| 12:49 | Queue | Villager (Male) |
| 12:53 | Build | Farm |
| 12:59 | Build | House |
| 13:11 | Build | Palisade Wall |
| 13:14 | Build | Palisade Wall |
| 13:24 | Build | House |
| 13:28 | Build | Farm |
| 13:41 | Queue | Villager (Male) |
| 13:49 | Build | Farm |
| 14:06 | Build | Farm |
| 14:11 | Queue | Villager (Male) |
| 14:16 | Build | Farm |
| 14:44 | Build | House |
| 14:47 | Queue | Villager (Male) |
| 15:01 | Build | Palisade Wall |
| 15:19 | Queue | Villager (Male) |
| 15:26 | Build | Palisade Wall |
| 15:32 | Queue | Villager (Male) |
| 15:42 | Build | Lumber Camp |
| 16:10 | Queue | Villager (Male) |
| 16:51 | Research | Feudal Age |
| 17:03 | Build | Barracks |
| 17:31 | Build | Palisade Gate |
| 17:43 | Queue | Militia |
| 17:43 | Queue | Militia |
| 17:48 | Build | House |
| 17:54 | Build | Lumber Camp |
| 18:10 | Queue | Militia |
| 18:16 | Build | House |
| 18:19 | Queue | Militia |
| 18:31 | Build | Palisade Wall |
| 18:37 | Queue | Militia |
| 18:44 | Build | Palisade Gate |
| 18:57 | Build | House |
| 19:01 | Age | Feudal Age |
| 19:14 | Build | Watch Tower |
| 19:16 | Queue | Spearman |
| 19:16 | Queue | Spearman |
| 19:26 | Build | Lumber Camp |
| 19:47 | Build | Farm |
| 19:49 | Build | Mining Camp |
| 19:54 | Queue | Villager (Male) |
| 19:57 | Build | Farm |
| 20:09 | Build | Farm |
| 20:23 | Build | Farm |
| 20:26 | Queue | Villager (Male) |
| 20:36 | Build | House |
| 20:40 | Queue | Villager (Male) |
| 20:45 | Queue | Villager (Male) |
| 20:56 | Research | Man-at-Arms (upgrade) |
| 21:06 | Build | Farm |
| 21:09 | Build | House |
| 21:11 | Build | House |
| 21:20 | Build | Palisade Gate |
| 21:23 | Queue | Villager (Male) |
| 21:39 | Build | Farm |
| 21:46 | Queue | Villager (Male) |
| 22:07 | Queue | Villager (Male) |
| 22:14 | Build | Archery Range |
| 22:42 | Queue | Villager (Male) |
| 22:46 | Queue | Skirmisher |
| 22:46 | Queue | Skirmisher |
| 23:02 | Queue | Skirmisher |
| 23:20 | Queue | Villager (Male) |
| 23:27 | Queue | Skirmisher |
| 23:30 | Queue | Villager (Male) |
| 23:47 | Queue | Skirmisher |
| 23:59 | Build | Market |
| 24:09 | Build | Palisade Wall |
| 24:17 | Queue | Skirmisher |
| 24:18 | Queue | Villager (Male) |
| 24:18 | Queue | Villager (Male) |
| 24:43 | Build | Archery Range |
| 24:44 | Queue | Skirmisher |
| 24:57 | Queue | Villager (Male) |
| 25:21 | Build | Lumber Camp |
| 25:21 | Queue | Skirmisher |
| 25:22 | Queue | Skirmisher |
| 25:33 | Queue | Skirmisher |
| 25:35 | Queue | Skirmisher |
| 25:46 | Queue | Archer |
| 25:47 | Queue | Archer |
| 26:17 | Queue | Skirmisher |
| 26:28 | Build | Blacksmith |
| 26:32 | Queue | Villager (Male) |
| 26:44 | Queue | Skirmisher |
| 26:44 | Queue | Skirmisher |
| 26:47 | Research | Fletching |
| 26:52 | Queue | Skirmisher |
Build order — 小林
First 150 of 179 actions detected
| 0:02 | Queue | Villager (Male) ×4 |
| 0:02 | Queue | Villager (Male) ×4 |
| 0:04 | Build | House |
| 0:05 | Build | House |
| 1:30 | Queue | Villager (Male) |
| 1:31 | Queue | Villager (Male) |
| 2:01 | Queue | Villager (Male) |
| 2:02 | Queue | Villager (Male) |
| 2:02 | Queue | Villager (Male) |
| 2:04 | Queue | Villager (Male) |
| 2:22 | Build | Lumber Camp |
| 2:45 | Queue | Villager (Male) |
| 2:56 | Queue | Villager (Male) |
| 2:56 | Queue | Villager (Male) |
| 3:11 | Queue | Villager (Male) |
| 3:11 | Queue | Villager (Male) |
| 3:26 | Build | House |
| 3:29 | Queue | Villager (Male) |
| 4:22 | Queue | Villager (Male) ×3 |
| 4:25 | Build | House |
| 5:01 | Queue | Villager (Male) |
| 5:05 | Build | Barracks |
| 5:27 | Queue | Villager (Male) |
| 5:27 | Queue | Villager (Male) |
| 5:28 | Queue | Villager (Male) |
| 5:36 | Queue | Villager (Male) |
| 5:58 | Research | Loom |
| 5:58 | Research | Loom |
| 6:10 | Build | Mill |
| 6:18 | Build | House |
| 7:08 | Research | Feudal Age |
| 7:34 | Queue | Militia |
| 7:34 | Queue | Militia |
| 8:13 | Queue | Militia |
| 8:13 | Queue | Militia |
| 9:18 | Age | Feudal Age |
| 9:34 | Research | Man-at-Arms (upgrade) |
| 9:36 | Queue | Militia |
| 9:36 | Queue | Militia |
| 9:38 | Queue | Villager (Male) ×4 |
| 9:38 | Queue | Villager (Male) ×4 |
| 10:15 | Queue | Villager (Male) |
| 10:23 | Build | Mining Camp |
| 10:48 | Build | Lumber Camp |
| 11:24 | Build | Archery Range |
| 11:27 | Build | House |
| 12:07 | Build | House |
| 12:21 | Queue | Militia |
| 12:25 | Queue | Archer |
| 12:25 | Queue | Archer |
| 12:35 | Queue | Villager (Male) |
| 12:49 | Build | House |
| 12:54 | Build | Mill |
| 12:57 | Queue | Archer |
| 12:57 | Queue | Archer |
| 13:16 | Build | House |
| 13:22 | Queue | Archer |
| 13:22 | Queue | Archer |
| 13:24 | Build | Palisade Gate |
| 13:29 | Build | Palisade Wall |
| 13:30 | Build | Palisade Wall |
| 13:33 | Build | Palisade Wall |
| 13:45 | Queue | Villager (Male) |
| 13:45 | Queue | Villager (Male) |
| 13:56 | Queue | Archer |
| 14:03 | Queue | Villager (Male) |
| 14:03 | Queue | Villager (Male) |
| 14:03 | Queue | Villager (Male) |
| 14:13 | Queue | Archer |
| 14:13 | Queue | Archer |
| 14:22 | Build | Farm |
| 14:22 | Build | Farm |
| 14:22 | Build | Farm |
| 14:23 | Build | Farm |
| 14:23 | Build | Farm |
| 14:30 | Queue | Villager (Male) |
| 14:30 | Queue | Villager (Male) |
| 14:55 | Build | House |
| 15:06 | Queue | Archer |
| 15:07 | Queue | Villager (Male) |
| 15:20 | Build | House |
| 15:49 | Queue | Archer |
| 16:09 | Queue | Villager (Male) |
| 16:11 | Build | Blacksmith |
| 16:18 | Queue | Archer |
| 16:40 | Queue | Archer |
| 16:58 | Research | Fletching |
| 16:59 | Queue | Villager (Male) |
| 17:00 | Queue | Villager (Male) ×2 |
| 17:03 | Build | House |
| 17:04 | Build | House |
| 17:05 | Build | Farm |
| 17:06 | Build | Farm |
| 17:06 | Build | Farm |
| 17:06 | Build | Farm |
| 17:06 | Build | Farm |
| 17:30 | Queue | Archer |
| 17:35 | Research | Padded Archer Armor |
| 17:50 | Queue | Archer |
| 17:52 | Build | Farm |
| 17:53 | Build | Farm |
| 17:57 | Queue | Villager (Male) |
| 18:34 | Queue | Villager (Male) |
| 18:38 | Queue | Archer |
| 18:51 | Queue | Villager (Male) |
| 19:04 | Queue | Villager (Male) |
| 19:09 | Queue | Archer |
| 19:11 | Build | Farm |
| 19:12 | Queue | Villager (Male) |
| 19:13 | Build | House |
| 19:14 | Build | House |
| 19:15 | Build | Palisade Wall |
| 19:16 | Queue | Villager (Male) |
| 19:30 | Queue | Villager (Male) |
| 19:33 | Build | Archery Range |
| 19:58 | Queue | Villager (Male) |
| 20:00 | Build | Farm |
| 20:22 | Research | Double-Bit Axe |
| 20:22 | Research | Double-Bit Axe |
| 20:38 | Queue | Archer |
| 20:40 | Queue | Archer |
| 20:40 | Queue | Archer |
| 20:41 | Build | House |
| 20:54 | Queue | Archer |
| 21:01 | Queue | Villager (Male) |
| 21:27 | Queue | Villager (Male) |
| 21:36 | Research | Wheelbarrow |
| 21:45 | Queue | Archer |
| 21:45 | Queue | Archer |
| 21:48 | Build | Farm |
| 21:48 | Build | Farm |
| 21:48 | Build | Farm |
| 21:48 | Build | Farm |
| 21:49 | Build | Farm |
| 21:51 | Queue | Villager (Male) |
| 22:06 | Queue | Villager (Male) |
| 22:09 | Queue | Archer |
| 22:20 | Build | House |
| 22:22 | Build | House |
| 22:26 | Build | Palisade Wall |
| 22:27 | Build | Palisade Wall |
| 22:46 | Queue | Archer |
| 22:47 | Queue | Villager (Male) |
| 23:25 | Queue | Archer |
| 23:34 | Build | Stable |
| 24:12 | Queue | Villager (Male) |
| 24:37 | Research | Castle Age |
| 24:37 | Research | Castle Age |
| 24:42 | Queue | Archer |
| 24:42 | Queue | Archer |
Match timeline
| 5:05 | 小林 · first_building Barracks |
| 6:14 | mambaplayerS3 · first_building Barracks |
| 9:18 | 小林 · age_up feudal |
| 10:45 | mambaplayerS3 · wall_segment Palisade Wall x8 |
| 11:24 | 小林 · first_building Archery Range |
| 12:38 | mambaplayerS3 · wall_segment Palisade Wall x5 |
| 13:11 | mambaplayerS3 · wall_segment Palisade Wall x1 |
| 13:14 | mambaplayerS3 · wall_segment Palisade Wall x1 |
| 13:29 | 小林 · wall_segment Palisade Wall x1 |
| 13:30 | 小林 · wall_segment Palisade Wall x1 |
| 13:33 | 小林 · wall_segment Palisade Wall x1 |
| 15:01 | mambaplayerS3 · wall_segment Palisade Wall x1 |
| 15:26 | mambaplayerS3 · wall_segment Palisade Wall x3 |
| 18:31 | mambaplayerS3 · wall_segment Palisade Wall x1 |
| 19:01 | mambaplayerS3 · age_up feudal |
| 19:15 | 小林 · wall_segment Palisade Wall x5 |
| 22:14 | mambaplayerS3 · first_building Archery Range |
| 22:26 | 小林 · wall_segment Palisade Wall x7 |
| 22:27 | 小林 · wall_segment Palisade Wall x16 |
| 23:34 | 小林 · first_building Stable |
| 24:09 | mambaplayerS3 · wall_segment Palisade Wall x1 |
| 24:42 | mambaplayerS3 · first_market_buy 100 food |
| 27:17 | 小林 · age_up castle |
| 27:30 | 小林 · first_building Siege Workshop |
| 29:10 | mambaplayerS3 · resign |
[ AI ANALYSIS · 1 CREDIT ]
What really happened in this match?
Wolo.gg analyzes every decision: build order, eco, micro, common mistakes by bracket. Personalized analysis on WhatsApp or Discord in 30 seconds.
Civ guide
Japanese
Perfil
Jugador #12151820